 Dungeon Crawl Stone Soup version 0.23.2-33-g5129a83184 (webtiles) character file.

Game seed: 15762354621458056865

1022 kae the Conjurer (level 8, -3/42 HPs)
             Began as a Tengu Fire Elementalist on July 17, 2019.
             Was an Initiate of Vehumet.
             Slain by an ogre
             ... wielding a +0 giant club
              (18 damage)
             ... on level 5 of the Dungeon.
             The game lasted 00:09:31 (5719 turns).

kae the Conjurer (Tengu Fire Elementalist)          Turns: 5719, Time: 00:09:32

Health: -3/42      AC:  3    Str:  8      XL:     8   Next: 22%
Magic:  5/15       EV: 16    Int: 17 (18) God:    Vehumet [......]
Gold:   177        SH:  0    Dex: 15      Spells: 4/15 levels left

rFire    . . .     SeeInvis +   (no weapon)
rCold    . . .     Gourm    .   (no shield)
rNeg     . . .     Faith    .   a - +0 robe
rPois    .         Spirit   .   (helmet restricted)
rElec    .         Reflect  .   e - +0 cloak
rCorr    .         Harm     .   (no gloves)
MR       .....                  (boots unavailable)
Stlth    ++........             j - amulet of magic regeneration
HPRegen  0.14/turn              h - ring of see invisible
MPRegen  0.39/turn              d - +3 ring of evasion

@: slowed, very slow
A: beak, talons 3, able to fly
a: Fly, Renounce Religion


You were on level 5 of the Dungeon.
You worshipped Vehumet.
Vehumet was noncommittal.
You were very hungry.

You visited 2 branches of the dungeon, and saw 6 of its levels.

You collected 177 gold pieces.

Inventory:

Armour
 a - a +0 robe (worn)
 e - a +0 cloak (worn)
Jewellery
 d - a +3 ring of evasion (right hand)
 h - a ring of see invisible (left hand)
 j - an amulet of magic regeneration (around neck)
Scrolls
 b - a scroll of teleportation
 f - 2 scrolls of immolation
 g - a scroll of magic mapping
 i - 2 scrolls of remove curse
 k - a scroll of enchant armour {unknown}
 n - 2 scrolls of fear
Potions
 m - 3 potions of curing
 o - a potion of lignification
Comestibles
 c - 5 rations


   Skills:
 + Level 0.8 Fighting
 - Level 2.1 Dodging
 - Level 2.0 Stealth
 + Level 4.1 Spellcasting
 * Level 7.7 Conjurations
 * Level 7.2 Fire Magic


You had 4 spell levels left.
You knew the following spells:

 Your Spells              Type           Power        Failure   Level  Hunger
a - Flame Tongue          Conj/Fire      ####.        1%          1    None
b - Throw Flame           Conj/Fire      ####..       1%          2    ##.....
c - Conjure Flame         Conj/Fire      ####....     2%          3    ###....
d - Sticky Flame          Conj/Fire      ####....     7%          4    ####...
e - Magic Dart            Conj           ####         1%          1    None

Your spell library contained the following spells:

 Spells                   Type           Power        Failure   Level  Hunger
 Searing Ray              Conj           ####..       1%          2    ##.....
 Iskenderun's Mystic Bla  Conj           ####....     6%          4    ####...
 Dazzling Spray           Conj/Hex       ###...       10%         3    ###....
 Inner Flame              Hex/Fire       ###.....     11%         3    ###....
 Force Lance              Conj/Tloc      ###.....     32%         4    ####...
 Fulminant Prism          Conj/Hex       ###.......   32%         4    ####...
 Fireball                 Conj/Fire      ####......   21%         5    ######.


Dungeon Overview and Level Annotations

Branches:
Dungeon (5/15)             Temple (1/1) D:4

Altars:
Ashenzari
Elyvilon
Fedhas
Gozag
Hepliaklqana
Kikubaaqudgha
Makhleb
Nemelex Xobeh
Okawaru
Qazlal
Ru
Sif Muna
Trog
Uskayaw
Vehumet
Wu Jian
Xom
Yredelemnul
Zin
The Shining One

Annotations:
D:1 exclusion: gnoll


Innate Abilities, Weirdness & Mutations

You have a beak for a mouth.
You have claws for feet.
You can fly continuously.


Message History

The orc wizard closely misses you.
You hit the orc wizard.
The orc wizard is almost dead.
The orc wizard misses you.
The orc wizard hits you with a +0 dagger.
The orc curses loudly.
The orc wizard gestures at you while chanting.
You feel yourself slow down.
You closely miss the orc wizard. Your peck misses the orc wizard.
The orc wizard is almost dead.
The orc wizard hits you with a +4 dagger.
The orc wizard hits you with a +0 dagger.
The ogre closely misses you. The orc wizard barely misses you.
The crimson imp blinks!
The phantom blinks!
You barely miss the orc wizard. You claw the orc wizard.
The orc wizard is almost dead.
The orc wizard casts a spell.
The orc wizard blinks!
The orc wizard barely misses you.
The ogre hits you with a +0 giant club!!
You die...

..........# .(....o..##
### ..)....o.#
#..######## #......#g#
#.........## ##.....#O#
#........... ##...##o#
#............ ######W#
#..<......... ###.o##
#............
###..gO@###............
###.).####o###...........
####...###
##.##...........
###.......#
##.............
###...#.....##
##............
....##.......#
##...........
.####........#
##..........
###..........##
###.......#
#............# #.........


You could see a phantom, 2 ogres, 2 orc wizards, 2 gnolls and 2 orcs.

Vanquished Creatures
  Edmund (D:4)
  An ogre (D:4)
  A phantom (D:2)
  A scorpion (D:4)
  A centaur zombie (D:5)
  A hound (D:5)
  A jelly (D:5)
  2 orc priests
  A gnoll shaman (D:3)
  Ijyb (D:4)
  An orc wizard (D:3)
  9 worker ants
  7 gnolls
  6 adders
  4 oozes
  An adder skeleton (D:5)
  5 worms
  2 dart slugs
  3 leopard geckos
  6 orcs
  7 giant cockroaches
  8 goblins
  10 hobgoblins
  8 jackals
  2 kobolds
  3 quokkas (D:4)
  3 ball pythons
  8 bats
  2 frilled lizards (D:4)
  A giant cockroach zombie (D:5)
  A quokka zombie (D:5)
  10 rats
118 creatures vanquished.

Notes
Turn   | Place    | Note
-------+----------+-------------------------------------------
     0 | D:1      | kae the Tengu Fire Elementalist began the quest for the
                  | Orb.
     0 | D:1      | Reached XP level 1. HP: 10/10 MP: 4/4
   281 | D:1      | Reached XP level 2. HP: 15/15 MP: 1/6
   809 | D:2      | Learned a level 2 spell: Throw Flame
   835 | D:2      | Reached XP level 3. HP: 19/19 MP: 2/7
  1241 | D:2      | Noticed a phantom
  1500 | D:2      | Found a sparkling altar of Nemelex Xobeh.
  1672 | D:2      | Killed a phantom
  1672 | D:2      | Reached XP level 4. HP: 24/24 MP: 0/9
  1672 | D:2      | Gained mutation: You can fly continuously. [Tengu growth]
  1672 | D:2      | Reached XP level 5. HP: 28/28 MP: 0/10
  2372 | D:2      | Learned a level 1 spell: Magic Dart
  2376 | D:2      | Learned a level 3 spell: Conjure Flame
  2388 | D:3      | Reached skill level 5 in Fire Magic
  2397 | D:3      | Reached XP level 6. HP: 32/32 MP: 3/11
  2648 | D:3      | Reached skill level 5 in Conjurations
  3437 | D:4      | Reached XP level 7. HP: 36/36 MP: 1/13
  3444 | D:4      | Learned a level 4 spell: Sticky Flame
  3539 | D:4      | Noticed Ijyb
  4164 | D:4      | Killed Ijyb
  4238 | D:4      | Noticed Edmund
  4258 | D:4      | Killed Edmund
  4473 | D:4      | Found a staircase to the Ecumenical Temple.
  4561 | Temple   | Entered the Ecumenical Temple
  4748 | Temple   | Became a worshipper of Vehumet
  5098 | D:4      | Found a stormy altar of Qazlal.
  5168 | D:4      | Found an ancient bone altar of Kikubaaqudgha.
  5183 | D:4      | Reached XP level 8. HP: 41/41 MP: 11/15
  5297 | D:5      | Entered Level 5 of the Dungeon
  5719 | D:5      | Slain by an ogre

Skill      XL: |  1  2  3  4  5  6  7  8 |
---------------+-------------------------+-----
Conjurations   | 2 4 6 7 |  7.7
Fire Magic     | 4 5 6 7 |  7.2
Spellcasting   | 3 4 |  4.1
Fighting       | |  0.8
Dodging        | |  2.1
Stealth        | |  2.0

Action                   |  1- 3 |  4- 6 |  7- 9 || total
-------------------------+-------+-------+-------++-------
Melee: Unarmed           |    11 |    68 |    34 ||   113
       Peck              |     3 |     5 |     1 ||     9
       Kick              |     1 |    19 |     7 ||    27
 Cast: Flame Tongue      |    56 |    85 |    78 ||   219
       Throw Flame       |     2 |    11 |    34 ||    47
       Conjure Flame     |       |     2 |     3 ||     5
       Magic Dart        |       |       |     4 ||     4
       Sticky Flame      |       |       |     4 ||     4
  Use: Potion            |       |     4 |     1 ||     5
       Scroll            |       |       |    11 ||    11
 Stab: Sleeping          |     2 |     1 |     1 ||     4
  Eat: Chunk             |     2 |     7 |     6 ||    15
       Ration            |       |       |     1 ||     1
Armor: Robe              |     7 |    22 |    23 ||    52
       Skin              |       |       |    21 ||    21
Dodge: Dodged            |    15 |    55 |    67 ||   137
